 Dungeon Crawl Stone Soup version 0.31.0-9-g3a7656b989 (webtiles) character file.

Game seed: 12638414814876680011

30 qw the Shooter (level 3, -1/18 HPs)
             Began as a Spriggan Hunter on Feb 2, 2024.
             Killed from afar by Sigmund (9 damage)
             ... with a magic dart
             ... on level 2 of the Dungeon.
             The game lasted 00:00:07 (1288 turns).

qw the Shooter (Spriggan Hunter)                    Turns: 1288, Time: 00:00:08

Health: -1/18      AC:  6    Str:  7    XL:     3   Next: 5%
Magic:  4/4        EV: 22    Int: 10    God:
Gold:   64         SH:  0    Dex: 20    Spells: 2/2 levels left

rFire   + + .        a - melded +0 shortbow
rCold   + + .        (shield currently unavailable)
rNeg    + + +        c - melded +0 robe
rPois   inf          (helmet currently unavailable)
rElec   +            (cloak currently unavailable)
rCorr   +            (gloves unavailable)
SInv    +            (boots unavailable)
Will    .....        (amulet currently unavailable)
Stlth   ++           (ring currently unavailable)
HPRegen 0.23/turn    (ring currently unavailable)
MPRegen 0.09/turn

%: no passive effects
@: mighty, brilliant, wisp-form (expiring), on berserk cooldown, flying
A: insubstantial, flying, no casting, tiny, no large weapons, unfitting armour,
see invisible, (speed 3)
a: no special abilities


You were on level 2 of the Dungeon.
You were an insubstantial wisp.
You visited 1 branch of the dungeon, and saw 2 of its levels.

You collected 64 gold pieces.


Innate Abilities, Weirdness & Mutations

You are an insubstantial wisp.
Your tiny insubstantial body is highly resistant to most damage types.
You are flying.
Your equipment is entirely melded.
You are incapable of wielding weapons or throwing items.
You cannot cast spells.
You are very small and have problems with some larger weapons.
You are too small for most types of armour.
You have supernaturally acute eyesight. (SInv)
((You cover ground extremely quickly. (Speed+++)))


   Skills:
 - Level 1.5 Fighting
 + Level 4.4 Ranged Weapons
 - Level 4.0 Dodging
 - Level 1.5 Stealth


You had 2 spell levels left.
You didn't know any spells.
Your spell library was empty.

Inventory:

Hand Weapons
 a - a +0 shortbow (melded)
Armour
 c - a +0 robe (melded)

Dungeon Overview and Level Annotations

Branches:
Dungeon (2/15)

Altars:
Xom

Annotations:
D:2 Sigmund


Message History

Sigmund casts a spell at you. You resist with some effort.
You shoot an arrow. The arrow hits Sigmund.
Sigmund is heavily wounded.
Sigmund gestures at you while chanting. The magic dart hits you.
Sigmund barely misses you.
You shoot an arrow. The arrow barely misses Sigmund.
Sigmund barely misses you.
You shoot an arrow. The arrow hits Sigmund.
Sigmund is heavily wounded.
Sigmund zaps a wand.
You turn into an insubstantial wisp.
Your +0 shortbow melds into your body.
Your +0 robe melds into your body.
1278 ||| FLEEEEING.
Sigmund misses you.
1279 ||| FLEEEEING.
Sigmund closely misses you.
1280 ||| FLEEEEING.
Sigmund completely misses you.
1281 ||| FLEEEEING.
Sigmund closely misses you.
1282 ||| FLEEEEING.
Sigmund says, "I'm your fate."
Sigmund points at you and mumbles some strange words.
The magic dart hits you. Sigmund barely misses you.
1283 ||| FLEEEEING.
Sigmund points at you and mumbles some strange words.
You are confused.
Sigmund closely misses you.
Your transformation is almost over.
Sigmund gestures at you while chanting.
The magic dart hits you but does no damage.
Sigmund misses you.
You feel yourself speed up.
You feel less confused. Sigmund misses you.
1288 ||| FLEEEEING.
Sigmund points at you and mumbles some strange words.
The magic dart hits you!
Ouch! That really hurt!
You die...
Sigmund begins carving another notch in his scythe.

# #.#.#)########### # #.#.#.#
#### # #########.#.#.# #... #
........#.#.#.########... #
#############.#.#.#............
#
#...............#>##########...
#
#.##....<.....#............#...
#
#.#############.#..............
# #.# .......v.......####.#...
# #.# ########.#.###.# #.#... #
#.# #@#.###.# #.#... # #.#
..#.....# #.##'# ###.###
...#.########.##.# ......#
....#..........##.# ###.#.#
..<..#.#..)..).....# ....#.#..#
......#r.............
..#.#.#..#
#......#####..########


You could see Sigmund.

Vanquished Creatures
  A ribbon worm (D:2)
  4 bats
  3 endoplasms
  3 hobgoblins
  2 kobolds (D:2)
  2 quokkas
  3 ball pythons
  5 goblins
  2 rats
25 creatures vanquished.

Notes
Turn   | Place    | Note
-------+----------+-------------------------------------------
     0 | D:1      | qw the Spriggan Hunter began the quest for the Orb.
     0 | D:1      | Reached XP level 1. HP: 10/10 MP: 2/2
     0 | D:1      | 0 ||| qw: Version: 0.3-a-155-g5e7d8dd
     0 | D:1      | 0 ||| qw: Game counter: 2030
     0 | D:1      | 0 ||| qw: Melee chars always use a shield: true
     0 | D:1      | 0 ||| qw: God list: Okawaru
     0 | D:1      | 0 ||| qw: Allow faded altars: false
     0 | D:1      | 0 ||| qw: Do Orc after clearing Dungeon:15 true
     0 | D:1      | 0 ||| qw: Do second Lair branch before Depths: true
     0 | D:1      | 0 ||| qw: Lair rune preference: random
     0 | D:1      | 0 ||| qw: Goals: Normal
     0 | D:1      | 0 ||| PLANNING D:1-11
    82 | D:1      | Reached skill level 3 in Dodging
    82 | D:1      | Found a faded altar of an unknown god.
   132 | D:1      | Reached XP level 2. HP: 14/14 MP: 3/3
   445 | D:1      | Found a shimmering altar of Xom.
   448 | D:1      | 448 ||| READING scroll labelled HAGAINNICIY.
   449 | D:1      | 449 ||| READING scroll labelled FUOMUM OSUOT.
   449 | D:1      | 449 ||| IDENTIFYING black potion
   450 | D:1      | 450 ||| DROPPING scroll of butterflies.
   528 | D:2      | HP: 3/14 [goblin/+0 club (4)]
   859 | D:2      | Reached XP level 3. HP: 18/18 MP: 4/4
   864 | D:2      | Noticed Sigmund
   865 | D:2      | 865 ||| DRINKING potion of haste.
   870 | D:2      | 870 ||| FLEEEEING.
   871 | D:2      | 871 ||| FLEEEEING.
   872 | D:2      | 872 ||| FLEEEEING.
   873 | D:2      | 873 ||| FLEEEEING.
   874 | D:2      | 874 ||| FLEEEEING.
   875 | D:2      | 875 ||| FLEEEEING.
   876 | D:2      | 876 ||| FLEEEEING.
   877 | D:2      | 877 ||| FLEEEEING.
   878 | D:2      | 878 ||| FLEEEEING.
   879 | D:2      | 879 ||| FLEEEEING.
   880 | D:2      | 880 ||| FLEEEEING.
   881 | D:2      | 881 ||| FLEEEEING.
   882 | D:2      | 882 ||| FLEEEEING.
   883 | D:2      | 883 ||| FLEEEEING.
   884 | D:2      | 884 ||| FLEEEEING.
   885 | D:2      | 885 ||| FLEEEEING.
   886 | D:2      | 886 ||| FLEEEEING.
   887 | D:2      | 887 ||| FLEEEEING.
   888 | D:2      | 888 ||| FLEEEEING.
   889 | D:2      | 889 ||| FLEEEEING.
   890 | D:2      | 890 ||| FLEEEEING.
   891 | D:2      | 891 ||| FLEEEEING.
   892 | D:2      | 892 ||| FLEEEEING.
   893 | D:2      | 893 ||| FLEEEEING.
   894 | D:2      | 894 ||| FLEEEEING.
   895 | D:2      | 895 ||| FLEEEEING.
   896 | D:2      | 896 ||| FLEEEEING.
   897 | D:2      | 897 ||| FLEEEEING.
   898 | D:2      | 898 ||| FLEEEEING.
   899 | D:2      | 899 ||| FLEEEEING.
   900 | D:2      | 900 ||| FLEEEEING.
   901 | D:2      | 901 ||| FLEEEEING.
   902 | D:2      | 902 ||| FLEEEEING.
   903 | D:2      | 903 ||| FLEEEEING.
   904 | D:2      | 904 ||| FLEEEEING.
   905 | D:2      | 905 ||| FLEEEEING.
   906 | D:2      | 906 ||| FLEEEEING.
   907 | D:2      | 907 ||| FLEEEEING.
   908 | D:2      | 908 ||| FLEEEEING.
   909 | D:2      | 909 ||| FLEEEEING.
   910 | D:2      | 910 ||| FLEEEEING.
   911 | D:2      | 911 ||| FLEEEEING.
   912 | D:2      | 912 ||| FLEEEEING.
   913 | D:2      | 913 ||| STAIRDANCE
  1015 | D:1      | 1015 ||| READING scroll labelled QURREU KEUPTOC.
  1239 | D:2      | 1239 ||| FLEEEEING.
  1249 | D:2      | 1249 ||| FLEEEEING.
  1250 | D:2      | 1250 ||| FLEEEEING.
  1251 | D:2      | 1251 ||| FLEEEEING.
  1252 | D:2      | 1252 ||| FLEEEEING.
  1253 | D:2      | 1253 ||| FLEEEEING.
  1254 | D:2      | 1254 ||| FLEEEEING.
  1255 | D:2      | 1255 ||| FLEEEEING.
  1256 | D:2      | 1256 ||| FLEEEEING.
  1257 | D:2      | 1257 ||| FLEEEEING.
  1258 | D:2      | 1258 ||| DRINKING fizzy yellow potion.
  1259 | D:2      | 1259 ||| DRINKING inky potion.
  1263 | D:2      | 1263 ||| DRINKING dark potion.
  1264 | D:2      | 1264 ||| FLEEEEING.
  1265 | D:2      | 1265 ||| FLEEEEING.
  1266 | D:2      | 1266 ||| FLEEEEING.
  1267 | D:2      | 1267 ||| FLEEEEING.
  1278 | D:2      | 1278 ||| FLEEEEING.
  1279 | D:2      | 1279 ||| FLEEEEING.
  1280 | D:2      | 1280 ||| FLEEEEING.
  1281 | D:2      | 1281 ||| FLEEEEING.
  1282 | D:2      | 1282 ||| FLEEEEING.
  1283 | D:2      | 1283 ||| FLEEEEING.
  1288 | D:2      | 1288 ||| FLEEEEING.
  1288 | D:2      | Killed from afar by Sigmund

Levels and vault maps discovered:
D:1:      dpeg_arrival_water_altar, layout_rooms,
          hellmonk_ecumenical_altar_arch_garden, minivault_14
D:2:      layout_basic, minmay_circle_x, uniq_sigmund

Skill      XL: |  1  2 |
---------------+-------+-----
Dodging        | 3 4 |  4.0
Fighting       | |  1.5
Ranged Weapons | |  4.4
Stealth        | |  1.5

Action                     || total
---------------------------++-------
   Fire: Shortbow          ||    77
    Use: Scroll            ||     3
         Potion            ||     4
 Armour: Robe              ||    13
         Skin              ||     8
  Dodge: Dodged            ||    45

Table legend:
 A = Non-vault XP
 B = Vault XP
 C = Vault XP percentage of total XP
 D = Non-vault monster count
 E = Vault monster count
 F = Vault count percentage of total count
                 A         B        C        D         E       F
            +---------+---------+-------+---------+---------+-------
      Total |      44 |       0 |   0.0 |      25 |       0 |   0.0
            +---------+---------+-------+---------+---------+-------
        D:1 |      18 |       0 |   0.0 |      12 |       0 |   0.0
        D:2 |      26 |       0 |   0.0 |      13 |       0 |   0.0
            +---------+---------+-------+---------+---------+-------
